 Dungeon Crawl Stone Soup version 0.22-a0-113-gdd6f4a9 (webtiles) character file.

459 galech the Ruffian (level 6, -2/62 HPs)
             Began as a Troll Monk on Jan 28, 2018.
             Slain by galech's ghost (18 damage)
             ... on level 5 of the Dungeon.
             The game lasted 00:04:20 (2937 turns).

galech the Ruffian (Troll Monk)                     Turns: 2937, Time: 00:04:21

Health: -2/62      AC:  5    Str: 22    XL:     6   Next: 78%
Magic:  5/5        EV: 10    Int:  6    God:
Gold:   207        SH:  0    Dex: 12    Spells: 5/5 levels left

rFire    + . .     SeeInvis .     - Unarmed
rCold    . . .     Gourm    +   (no shield)
rNeg     . . .     Faith    .   a - +0 robe
rPois    .         Spirit   .   (helmet restricted)
rElec    .         Reflect  .   (no cloak)
rCorr    .         Harm     .   (gloves unavailable)
MR       .....                  (boots unavailable)
Stlth    ++........             (no amulet)
HPRegen  0.60/turn              n - ring of protection from fire
MPRegen  0.09/turn              (no ring)

@: no status effects
A: large, unfitting armour, claws 3, fast metabolism 3, gourmand, regeneration
1, shaggy fur 1, tough skin 2
a: no special abilities


You were on level 5 of the Dungeon.
You were very full.

You visited 1 branch of the dungeon, and saw 5 of its levels.

You collected 207 gold pieces.

Inventory:

Armour
 a - a +0 robe (worn)
Jewellery
 n - a ring of protection from fire (left claw)
Wands
 q - a wand of clouds (6)
Scrolls
 e - 5 scrolls of teleportation {unknown}
 f - 2 scrolls of identify {unknown}
 g - 2 scrolls of enchant weapon {unknown}
 h - a scroll of enchant armour {unknown}
 i - 4 scrolls of remove curse {unknown}
 k - a scroll of amnesia {unknown}
 m - a scroll of fog {unknown}
 o - a scroll of fear {unknown}
Potions
 c - 3 potions of heal wounds {unknown}
 d - 3 potions of curing {unknown}
 j - a potion of magic {unknown}
 l - a potion of lignification {unknown}
 p - 2 potions of berserk rage {unknown}
Comestibles
 b - 7 rations


   Skills:
 + Level 4.2 Fighting
 - Level 2.7 Dodging
 - Level 1.1 Stealth
 * Level 6.3 Unarmed Combat


You had 5 spell levels left.
You didn't know any spells.

Dungeon Overview and Level Annotations

Branches:
Dungeon (5/15)
 Temple: D:4-7

Altars:

Annotations:
D:5 galech's ghost, novice TrMo


Innate Abilities, Weirdness & Mutations

You are too large for most types of armour.
You have claws for hands.
Your metabolism is lightning-fast.
You like to eat raw meat.
Your natural rate of healing is unusually fast.
You are covered in fur. (AC +1)
You have very tough skin. (AC +2)


Message History

There is an entrance to a sewer on this level.
Hurry and find it before the portal rusts away!
Level annotation: galech's ghost, novice TrMo You hear the slow rusting of a very distant drain.
Galech's ghost hits you!! The orc closely misses you.
Galech's ghost hits you but does no damage.
There is a stone staircase leading up, spattered with blood here.
You closely miss the orc. The orc hits you with a mace.
Galech's ghost hits you.
You scratch the orc.
The orc is lightly wounded.
Galech's ghost hits you!
You claw the orc!
You kill the orc!
Things that are here:
a mace; an orc corpse You closely miss galech's ghost.
Galech's ghost hits you!
* * * LOW HITPOINT WARNING * * *
You scratch galech's ghost but do no damage.
Galech's ghost hits you!!
You die...

######### #.......#
#....... #.......#
#....... #.......#
#.......
#.......###.......
#........##.......
#.........#.......
#W..........#..#
#@.........<..# .
###........####
..#####.......####
...................
...#.5.........####
#......#)......#
...............#
#....o...$....##
#...............


You could see galech's ghost.

Vanquished Creatures
  An ogre (D:4)
  A scorpion (D:4)
  2 orc wizards (D:4)
  4 worker ants
  A hound skeleton (D:4)
  5 adders
  A shadow imp (D:4)
  An ooze (D:2)
  2 adder skeletons (D:4)
  5 worms
  3 dart slugs (D:1)
  7 leopard geckos
  3 orcs
  5 giant cockroaches
  8 goblins
  6 hobgoblins
  2 quokkas
  4 bats
  2 frilled lizards
  A jackal skeleton (D:4)
  9 kobolds
  9 rats
82 creatures vanquished.

Notes
Turn   | Place    | Note
-------+----------+-------------------------------------------
     0 | D:1      | galech the Troll Monk began the quest for the Orb.
     0 | D:1      | Reached XP level 1. HP: 22/22 MP: 0/0
    93 | D:1      | Reached XP level 2. HP: 26/29 MP: 1/1
   304 | D:1      | Reached XP level 3. HP: 36/36 MP: 2/2
   738 | D:2      | Reached skill level 4 in Unarmed Combat
   738 | D:2      | Reached XP level 4. HP: 41/45 MP: 3/3
  1832 | D:3      | Reached XP level 5. HP: 47/53 MP: 4/4
  2125 | D:3      | HP: 2/53 [poisoned by an adder]
  2275 | D:4      | Reached skill level 5 in Unarmed Combat
  2377 | D:4      | Reached XP level 6. HP: 53/62 MP: 5/5
  2511 | D:4      | Reached skill level 6 in Unarmed Combat
  2808 | D:5      | Entered Level 5 of the Dungeon
  2814 | D:5      | Noticed galech's ghost (novice TrMo)
  2937 | D:5      | Slain by galech's ghost

Vault maps used:
D:1:      minmay_arrival_up_and_down, minmay_tetromino_i4
D:2:      minmay_misc_feat_diagonals
D:4:      first_ration
D:5:      marbit_many_paths, nicolae_overflow_hidden_temple, temple_fountains,
          portal_sewer_entry_e, uniq_eustachio, uniq_ijyb, uniq_menkaure

Skill      XL: |  1  2  3  4  5  6 |
---------------+-------------------+-----
Fighting       | 3 4 |  4.2
Unarmed Combat | 4 5 6 |  6.3
Dodging        | |  2.7
Stealth        | |  1.1

Action                   |  1- 3 |  4- 6 || total
-------------------------+-------+-------++-------
Melee: Unarmed           |    85 |   146 ||   231
       Punch             |     1 |       ||     1
 Stab: Sleeping          |     5 |     4 ||     9
  Eat: Chunk             |    12 |    18 ||    30
Armor: Robe              |    27 |    50 ||    77
Dodge: Dodged            |    33 |    77 ||   110

Table legend:
 A = Spawn XP
 B = Non-spawn XP
 C = Spawn XP percentage of total XP
 D = Spawn monster count
 E = Non-spawn monster count
 F = Spawn count percentage of total count
 G = Total turns spent on level
                    A         B        C        D         E        F      G
               +---------+---------+-------+---------+---------+-------+---------
         Total |       0 |     656 |   0.0 |       0 |      82 |   0.0 |  2937
               +---------+---------+-------+---------+---------+-------+---------
           D:1 |       0 |      54 |   0.0 |       0 |      26 |   0.0 |   561
           D:2 |       0 |      89 |   0.0 |       0 |      16 |   0.0 |   594
           D:3 |       0 |      78 |   0.0 |       0 |      23 |   0.0 |  1086
           D:4 |       0 |     432 |   0.0 |       0 |      16 |   0.0 |   667
           D:5 |       0 |       3 |   0.0 |       0 |       1 |   0.0 |    29
               +---------+---------+-------+---------+---------+-------+---------
